 Dungeon Crawl Stone Soup version 0.31-a0-431-g88bdf31460 (webtiles) character file.

Game seed: 18381929910605252558

757 floatRand the Ruffian (level 7, -1/52 HPs)
             Began as a White Draconian Shapeshifter on July 31, 2023.
             Was an Initiate of Wu Jian.
             Slain by Edmund
             ... wielding a +0 flail of protection
              (8 damage)
             ... on level 5 of the Dungeon.
             The game lasted 00:04:28 (2805 turns).

floatRand the Ruffian (DrSh)                        Turns: 2805, Time: 00:04:29

Health: -1/52      AC:  6    Str: 17    XL:     7   Next: 50%
Magic:  7/7        EV: 12    Int:  8    God:    Wu Jian [......]
Gold:   111        SH:  0    Dex: 14    Spells: 6/6 levels left

rFire   . .          .
                       - Unarmed
rCold   + . .        (no shield)
rNeg    . . .        (body armour unavailable)
rPois   .            (helmet currently unavailable)
rElec   .            (cloak currently unavailable)
rCorr   .            (gloves currently unavailable)
SInv    .            (boots currently unavailable)
Will    .....        (no amulet)
Stlth   +            o - ring of flight
HPRegen 0.28/turn    (no ring)
MPRegen 0.10/turn

%: no passive effects
@: beast-form, attractive, flying
A: beast (slay +3), breathe frost, AC +6, unfitting armour, cold resistance 1,
cold-blooded
a: Breathe Frost, Begin Untransformation, Renounce Religion


You were on level 5 of the Dungeon.
You worshipped Wu Jian.
Wu Jian was noncommittal.
You were a hulking beast.
You visited 1 branch of the dungeon, and saw 5 of its levels.

You collected 139 gold pieces.
You spent 28 gold pieces at shops.

Inventory:

Jewellery
 o - a ring of flight (left hand)
Talismans
 b - a beast talisman (active)
Wands
 i - a wand of mindburst (9)
 m - a wand of flame (16)
Scrolls
 c - a scroll of blinking {unknown}
 e - 2 scrolls of revelation {unknown}
 f - 2 scrolls of enchant armour {unknown}
 h - 2 scrolls of amnesia {unknown}
 k - a scroll of fog {unknown}
 n - 3 scrolls of teleportation {unknown}
Potions
 d - a potion of haste
 g - 2 potions of brilliance
 j - 2 potions of attraction


   Skills:
 - Level 1.1 Fighting
 - Level 1.7 Dodging
 * Level 7.5 Unarmed Combat
 + Level 5.0 Shapeshifting


You had 6 spell levels left.
You didn't know any spells.
Your spell library was empty.

Dungeon Overview and Level Annotations

Branches:
Dungeon (5/15)             Temple (0/1) D:4

Altars:
Wu Jian

Shops:
D:2 *

Annotations:
D:5 Edmund


Innate Abilities, Weirdness & Mutations

You are a hulking beast.
Your limbs bulge with bestial killing power. (Slay +3)
You can breathe waves of freezing cold which knock back foes.
Your icy white scales are hard. (AC +6)
You cannot fit into any form of body armour.
Your flesh is cold resistant. (rC+)
You are cold-blooded and may be slowed by cold attacks.


Message History

You feel sick. The scorpion misses you.
Unknown command.
You hit the scorpion.
The scorpion is moderately wounded.
You feel sick. Edmund hits you but does no damage.
The scorpion closely misses you.
Unknown command.
Unknown command.
You hit the scorpion. You tail-slap the scorpion.
The scorpion is heavily wounded.
You feel sick.
Edmund hits you with a +0 flail of protection!
The scorpion closely misses you.
Unknown command.
You hit the scorpion.
Your tail-slap misses the scorpion.
The scorpion is severely wounded.
You feel sick. The scorpion barely misses you.
Edmund hits you with a +0 flail of protection!
* * * LOW HITPOINT WARNING * * *
Unknown command.
It was a potion of attraction.
You feel attractive to monsters.
You feel sick.
You are no longer poisoned.
The scorpion stings you.
* * * LOW HITPOINT WARNING * * *
Edmund barely misses you.
Okay, then.
You hit the scorpion. You tail-slap the scorpion.
The scorpion is almost dead.
The scorpion stings you but does no damage.
Edmund closely misses you.
You hit the scorpion but do no damage.
The scorpion is almost dead.
The scorpion misses you. Edmund misses you. The scorpion misses you.
You punch the scorpion!
You kill the scorpion!
The Council accepts your kill.
Edmund hits you with a +0 flail of protection!
You die...

#...........#
##...........
#...........#
###.........###
###.#.#####...#.## # #
##.....#.).#......###.#..
.......#.))#.............
#......##'##.....†.......
##.........>....h@.......
# #
#.........###...#.......
##.## #.........##
#...#....#.. .....
###.##..#.# ##..#....#
..... #. #####..
...##.<..# ##. ##
..###... .##..# #..
...#....... ... #..
.....$..... #. #... ##..


You could see Edmund.

Vanquished Creatures
  Grinder (D:3)
  Sigmund (D:2)
  A black bear (D:3)
  A scorpion (D:5)
  An orc priest (D:4)
  A sleepcap (D:4)
  An iguana (D:4)
  An orc wizard (D:4)
  Natasha (thrice) (D:4)
  3 adders
  A shadow imp (D:5)
  An ufetubus (D:4)
  2 worms (D:2)
  7 orcs
  3 endoplasms
  4 giant cockroaches
  3 goblins
  13 hobgoblins
  5 jackals (D:4)
  5 quokkas
  8 ball pythons
  6 bats
  3 frilled lizards
  7 kobolds
  5 rats
87 creatures vanquished.

Notes
Turn   | Place    | Note
-------+----------+-------------------------------------------
     0 | D:1      | floatRand the Draconian Shapeshifter began the quest for
                  | the Orb.
     0 | D:1      | Reached XP level 1. HP: 16/16 MP: 1/1
    60 | D:1      | Found a faded altar of an unknown god.
   119 | D:1      | Reached XP level 2. HP: 17/23 MP: 2/2
   240 | D:1      | You fall into a shaft and drop 1 floor!
   241 | D:2      | Found Pilutubil's Assorted Antiques.
   252 | D:2      | Bought a scroll labelled PEFIBB EDDOJ for 28 gold pieces
   456 | D:1      | Reached XP level 3. HP: 23/28 MP: 3/3
   730 | D:2      | Reached skill level 4 in Unarmed Combat
  1068 | D:2      | Noticed Sigmund
  1077 | D:2      | Killed Sigmund
  1078 | D:2      | Reached skill level 5 in Unarmed Combat
  1078 | D:2      | Reached XP level 4. HP: 35/35 MP: 4/4
  1078 | D:2      | Reached XP level 5. HP: 40/40 MP: 5/5
  1323 | D:3      | Noticed a black bear
  1329 | D:3      | Killed a black bear
  1330 | D:3      | Reached skill level 6 in Unarmed Combat
  1330 | D:3      | Reached XP level 6. HP: 35/47 MP: 6/6
  1389 | D:3      | Noticed Grinder
  1690 | D:3      | Paralysed by Grinder for 2 turns
  1706 | D:3      | Killed Grinder
  1707 | D:3      | Your scales start taking on an icy white colour.
  1707 | D:3      | Reached XP level 7. HP: 14/52 MP: 7/7
  1707 | D:3      | Gained mutation: Your flesh is cold resistant. (rC+) [White
                  | Draconian growth]
  2088 | D:4      | Noticed Natasha
  2096 | D:4      | Killed Natasha
  2102 | D:4      | Reached skill level 7 in Unarmed Combat
  2135 | D:4      | Noticed Natasha
  2144 | D:4      | Killed Natasha
  2236 | D:4      | Noticed Natasha
  2241 | D:4      | Killed Natasha
  2325 | D:4      | Found an ornate altar of the Wu Jian Council.
  2494 | D:4      | Became a worshipper of the Wu Jian Council
  2570 | D:4      | Found a staircase to the Ecumenical Temple.
  2602 | D:4      | Reached skill level 5 in Shapeshifting
  2727 | D:5      | Entered Level 5 of the Dungeon
  2727 | D:5      | Noticed a troll
  2783 | D:5      | Noticed Edmund
  2805 | D:5      | Slain by Edmund

Illustrated notes

Levels and vault maps discovered:
D:1:      lightli_molten_gateway, layout_loops_cross,
          shapermc_ecumenical_altar_pompeii
D:2:      layout_loops_cross, serial_shops, shop, uniq_sigmund
D:3:      layout_loops_ring, uniq_grinder
D:4:      layout_rooms, nicolae_overflow_crystal_walls,
          minmay_temple_entry_junction, st_stairs_1, uniq_natasha
D:5:      layout_cave_pools, sigmund_army, uniq_edmund

Skill      XL: |  1  2  3  4  5  6  7 |
---------------+----------------------+-----
Unarmed Combat | 5 6 7 |  7.5
Shapeshifting  | 4 5 |  5.0
Fighting       | |  1.1
Dodging        | |  1.7

Action                     |  1- 3 |  4- 6 |  7- 9 || total
---------------------------+-------+-------+-------++-------
  Melee: Unarmed           |   104 |    28 |    82 ||   214
         Tailslap          |     9 |     4 |     7 ||    20
         Punch             |     3 |       |     7 ||    10
Ability: Breathe Frost     |       |       |     5 ||     5
         Lunge             |       |       |     4 ||     4
  Evoke: Wand              |       |     2 |       ||     2
    Use: Potion            |     1 |       |     2 ||     3
         Scroll            |       |     2 |     1 ||     3
   Stab: Sleeping          |     1 |       |       ||     1
         Distracted        |       |       |     1 ||     1
 Armour: Skin              |    41 |     4 |    23 ||    68
  Dodge: Dodged            |    63 |    12 |    58 ||   133

Table legend: (Time is in decaauts)
 A = Elapsed time spent in this place.
 B = Non-inter-level travel time spent in this place.
 C = Inter-level travel time spent in this place.
 D = Time resting spent in this place.
 E = Time spent auto-exploring this place.
 F = Levels seen in this place.
 G = Mean time per level.
                   A        B        C        D        E       F      G
               +--------+--------+--------+--------+--------+-----+--------+
         Total |   2784 |   2725 |     59 |    231 |   1832 |   5 |  556.8 |
       Dungeon |   2784 |   2725 |     59 |    231 |   1832 |   5 |  556.8 |
               +--------+--------+--------+--------+--------+-----+--------+

Top non-repeatable levels by time:
     D:3: 765 daAuts
     D:1: 680 daAuts
     D:4: 660 daAuts
     D:2: 616 daAuts
     D:5: 61 daAuts
